 Dungeon Crawl Stone Soup version 0.31-a0-521-gc7390f8997 (webtiles) character file.

Game seed: 6134790089709399006

1437 jasper the Mimic (level 8, -1/40 HPs)
             Began as a Spriggan Shapeshifter on Aug 10, 2023.
             Was an Initiate of Gozag.
             Killed from afar by Maggie (13 damage)
             ... with a bolt of fire
             ... on level 6 of the Dungeon.
             The game lasted 00:08:58 (4402 turns).

jasper the Mimic (Spriggan Shapeshifter)            Turns: 4402, Time: 00:08:59

Health: -1/40      AC:  3    Str: 11    XL:     8   Next: 45%
Magic:  9/9        EV: 21    Int:  9    God:    Gozag
Gold:   899        SH:  0    Dex: 18    Spells: 7/7 levels left

rFire   . . .        i - +2 short sword (venom)
rCold   . . .        (no shield)
rNeg    . . .        r - +1 robe {Will+}
rPois   .            (helmet currently unavailable)
rElec   .            (cloak currently unavailable)
rCorr   .            (gloves unavailable)
SInv    +            (boots unavailable)
Will    ++...        n - amulet of regeneration
Stlth   ++++         (no ring)
HPRegen 1.06/turn    (no ring)
MPRegen 0.11/turn

%: no passive effects
@: beast-form, studying Unarmed Combat, very quick
A: beast (slay +4), very small, no large weapons, unfitting armour, see
invisible, speed 3
a: Begin Untransformation, Renounce Religion, Potion Petition, Call Merchant,
Bribe Branch


You were on level 6 of the Dungeon.
You worshipped Gozag.
Gozag was pleased with you.
You were a hulking beast.
You visited 2 branches of the dungeon, and saw 7 of its levels.
You also visited: Sewer and Ossuary.

You collected 952 gold pieces.
You paid 53 gold pieces to Gozag.

Inventory:

Hand Weapons
 e - a +0 short sword
 i - a +2 short sword of venom (weapon)
Missiles
 f - 49 stones
 j - 5 poisoned darts
 k - 2 boomerangs (quivered)
Armour
 a - a +1 animal skin
 r - a +1 robe of willpower (worn)
 D - the scarf "Milif" {rC+ rF+, *Corrode Int+8 Dex+4}
   (You acquired it in an ossuary)

   Int+8:     It affects your intelligence (+8).
   Dex+4:     It affects your dexterity (+4).
   *Corrode:  It may corrode you when you take damage.
Jewellery
 n - an amulet of regeneration (around neck)
Talismans
 c - a beast talisman (active)
 d - a flux talisman
 u - a blade talisman
Wands
 g - a wand of mindburst (3)
 x - a wand of polymorph (10)
Scrolls
 q - 2 scrolls of fear
 s - a scroll of amnesia
 t - 3 scrolls of teleportation
 y - 2 scrolls of identify
 B - 3 scrolls of revelation
 C - a scroll of enchant armour
 E - a scroll of brand weapon {unknown}
Potions
 b - 2 potions of lignification
 h - 3 potions of curing
 l - a potion of berserk rage
 m - a potion of heal wounds
 o - a potion of brilliance
 p - 3 potions of enlightenment
 v - a potion of haste
 w - a potion of might
 z - a potion of mutation
 A - a potion of invisibility


   Skills:
 - Level 3.5 Fighting
 - Level 6.2 Dodging
 - Level 6.5 Stealth
 - Level 2.4 Unarmed Combat
 + Level 9.0 Shapeshifting


You had 7 spell levels left.
You didn't know any spells.
Your spell library contained the following spells:

 Spells                   Type           Power      Damage    Failure   Level
 Magic Dart               Conj           0%         1d3       38%         1
 Slow                     Hex            0%         N/A       38%         1
 Call Imp                 Summ           0%         N/A       52%         2
 Cigotuvi's Dreadful Rot  Necr/Pois/Air  0%         N/A       52%         2
 Passwall                 Tmut/Erth      0%         N/A       52%         2
 Scorch                   Fire           0%         2d5       52%         2
 Confusing Touch          Hex            0%         N/A       77%         3
 Inner Flame              Hex/Fire       0%         N/A       77%         3
 Mephitic Cloud           Conj/Pois/Air  0%         N/A       77%         3
 Stone Arrow              Conj/Erth      0%         3d7       77%         3
 Vampiric Draining        Necr           0%         2d6       77%         3
 Animate Armour           Summ/Erth      0%         N/A       99%         4
 Flame Wave               Conj/Fire      0%         2d4       99%         4
 Sticky Flame             Conj/Fire      0%         2d3       99%         4
 Alistair's Intoxication  Tmut/Pois      0%         N/A       100%        5
 Summon Cactus Giant      Summ           0%         N/A       100%        6


Dungeon Overview and Level Annotations

Branches:
Dungeon (6/15)             Temple (1/1) D:4           Sewer (visited)
Ossuary (visited)

Altars:
Ashenzari
Cheibriados
Dithmenos
Elyvilon
Fedhas
Gozag
Hepliaklqana
Makhleb
Nemelex Xobeh
Qazlal
Sif Muna
Trog
Uskayaw
Vehumet
Wu Jian
Xom
Yredelemnul
Zin
The Shining One

Annotations:
D:6 Maggie


Innate Abilities, Weirdness & Mutations

You are a hulking beast.
Your limbs bulge with bestial killing power. (Slay +4)
You are very small and have problems with some larger weapons.
You are too small for most types of armour.
You have supernaturally acute eyesight. (SInv)
You cover ground extremely quickly. (Speed+++)


Message History

The white imp gestures at you. The puff of frost misses you.
Maggie the Vainglorious comes into view.
She is wielding a +2 glaive of flaming.
Maggie shouts!
The wight enters a dispersal trap!
The wight blinks!
The white imp blinks!
The sleepcap blinks!
You blink.
Health restored: 40
Aiming: Mindburst
Press: ? - help, Shift-Dir - straight line, f - Maggie
Aim: Maggie, wielding a +2 glaive of flaming and wearing +0 acid dragon scales (chance to affect: 64%) Maggie struggles to resist.
Aiming: Mindburst
Press: ? - help, Shift-Dir - straight line, f/p - Maggie
Aim: Maggie, wielding a +2 glaive of flaming and wearing +0 acid dragon scales (chance to affect: 64%) Maggie's mind is blasted!!
Maggie mutters to herself, "Master Lance won't take me back.
This is the way forward."
Maggie casts a spell.
Maggie attempts to bespell you! You resist with almost no effort.
Aiming: Mindburst
Press: ? - help, Shift-Dir - straight line, f - you, p - Maggie That would be overly suicidal.
Okay, then.
You hit the sleepcap.
The sleepcap is poisoned.
The sleepcap is moderately damaged.
Maggie hits you from afar with a +2 glaive of flaming!
Maggie burns you! The sleepcap releases spores at you.
You take 27 damage, and have 13/40 hp.
MASSIVE DAMAGE!!
You puncture the sleepcap!
The sleepcap is heavily damaged.
The sleepcap releases spores at you.
* * * LOW HITPOINT WARNING * * *
Maggie barely misses you.
You take 3 damage, and have 10/40 hp.
You hit the sleepcap.
The sleepcap is severely damaged.
The sleepcap completely misses you. Maggie misses you.
Maggie points at you and mumbles some strange words.
The bolt of fire hits you!
You die...
Your body crumbles into a pile of gold.

..#.......#...........
..)###+###...#..#......
....# ##....#.ยง#......
.....###........>...##.
......#.........#.#.#
........#...........##.#
#...#..##..#.####.....
....#........@.##..###
.......###....f.h..#
#.######..# #. #.# #. .#
## #


You could see Maggie and a sleepcap (very poisoned).

Vanquished Creatures
  A black bear (D:5)
  A sky beast (D:6)
  An ogre (D:5)
  A phantom (D:5)
  Blork the orc (D:6)
  A bullfrog (D:5)
  A kobold brigand (Sewer)
  A scorpion (D:4)
  A howler monkey (D:4)
  2 centaur zombies (Ossuary)
  A jelly (D:5)
  2 orc priests
  2 hounds
  2 sleepcaps
  4 iguanas
  3 orc wizards
  3 ogre zombies (Ossuary)
  8 mummies
  2 river rats (Sewer)
  2 adders
  A white imp (D:6)
  An ufetubus (D:5)
  4 adder zombies (Ossuary)
  5 worms
  4 dart slugs
  19 orcs
  4 endoplasms
  5 giant cockroaches
  A gnoll zombie (Ossuary)
  2 goblins
  6 hobgoblins
  3 jackals (Sewer)
  10 kobolds
  4 quokkas
  3 ball pythons
  5 bats
  A frilled lizard (D:1)
  4 goblin zombies (Ossuary)
  5 hobgoblin zombies (Ossuary)
  3 kobold zombies (Ossuary)
  An orc zombie (Ossuary)
  3 quokka zombies (Ossuary)
  10 rats
  4 rat zombies (Ossuary)
148 creatures vanquished.

Notes
Turn   | Place    | Note
-------+----------+-------------------------------------------
     0 | D:1      | jasper the Spriggan Shapeshifter began the quest for the
                  | Orb.
     0 | D:1      | Reached XP level 1. HP: 9/9 MP: 2/2
   106 | D:1      | Reached XP level 2. HP: 14/14 MP: 3/3
   317 | D:1      | Reached skill level 5 in Shapeshifting
   496 | D:1      | Reached XP level 3. HP: 17/17 MP: 4/4
   501 | D:1      | Got the Vellum of the Intoxicating Quarry
  1323 | D:4      | Reached XP level 4. HP: 21/21 MP: 5/5
  1325 | D:4      | Reached skill level 6 in Shapeshifting
  1464 | D:4      | Found a staircase to the Ecumenical Temple.
  1467 | D:4      | Reached XP level 5. HP: 24/25 MP: 6/6
  1512 | Temple   | Entered the Ecumenical Temple
  1565 | Temple   | Became a worshipper of Gozag Ym Sagoz the Greedy
  1695 | D:4      | Reached skill level 7 in Shapeshifting
  1824 | D:4      | Reached XP level 6. HP: 29/29 MP: 7/7
  1969 | D:4      | Reached skill level 8 in Shapeshifting
  2188 | D:5      | Entered Level 5 of the Dungeon
  2206 | D:5      | Reached skill level 1 in Fighting
  2206 | D:5      | Reached skill level 1 in Stealth
  2219 | D:5      | Found a glowing drain.
  2251 | Sewer    | Entered a sewer
  2378 | Sewer    | Found a glowing silver altar of Zin.
  2543 | D:5      | Reached XP level 7. HP: 34/34 MP: 8/8
  2798 | D:5      | Reached skill level 5 in Dodging
  2798 | D:5      | Reached skill level 5 in Stealth
  2906 | D:5      | Found a white marble altar of Elyvilon.
  3393 | D:6      | Noticed Blork the orc
  3399 | D:6      | Killed Blork the orc
  3427 | D:6      | Reached XP level 8. HP: 40/40 MP: 9/9
  3616 | D:6      | Found a sand-covered staircase.
  3624 | Ossuary  | Entered an ossuary
  4204 | Ossuary  | Identified 2 scrolls of acquirement
  4204 | Ossuary  | Acquired the scarf "Milif" {rC+ rF+, *Corrode Int+8 Dex+4}
  4205 | Ossuary  | Acquired a manual of Unarmed Combat
  4265 | D:6      | Reached skill level 9 in Shapeshifting
  4388 | D:6      | Noticed Maggie
  4402 | D:6      | Killed from afar by Maggie

Illustrated notes

Levels and vault maps discovered:
D:1:      saegor_arrival_simple_c, layout_basic
D:2:      layout_rooms
D:3:      layout_basic, kennysheep_okawaru_gauntlet, uniq_sigmund, uniq_robin
D:4:      layout_loops_ring, temple_pool_b
D:5:      layout_loops_corners, nicolae_overflow_crystal_walls,
          cheibrodos_sewer_entry_drain
D:6:      layout_basic, nicolae_ossuary_entry_giza, kennysheep_generic_room_13,
          uniq_blork_the_orc, uniq_pikel, uniq_maggie
Temple:   dpeg_five_rooms_temple

Skill      XL: |  1  2  3  4  5  6  7  8 |
---------------+-------------------------+-----
Shapeshifting  | 5 6 7 8 9 |  9.0
Fighting       | 1 3 |  3.5
Dodging        | 4 5 6 |  6.2
Stealth        | 3 6 |  6.5
Unarmed Combat | |  2.4

Action                     |  1- 3 |  4- 6 |  7- 9 || total
---------------------------+-------+-------+-------++-------
  Melee: Unarmed           |    48 |       |       ||    48
         Short sword       |    55 |   105 |   189 ||   349
         Punch             |     2 |     2 |     3 ||     7
  Throw: Boomerang         |     7 |       |       ||     7
  Evoke: Wand              |     1 |       |    15 ||    16
    Use: Scroll            |     3 |     4 |    10 ||    17
   Stab: Sleeping          |     3 |     2 |    21 ||    26
         Distracted        |       |     1 |     1 ||     2
 Armour: Animal skin       |    13 |     5 |     3 ||    21
         Robe              |       |       |     8 ||     8
  Dodge: Dodged            |    72 |    69 |   116 ||   257

Table legend: (Time is in decaauts)
 A = Elapsed time spent in this place.
 B = Non-inter-level travel time spent in this place.
 C = Inter-level travel time spent in this place.
 D = Time resting spent in this place.
 E = Time spent auto-exploring this place.
 F = Levels seen in this place.
 G = Mean time per level.
                   A        B        C        D        E       F      G
               +--------+--------+--------+--------+--------+-----+--------+
         Total |   3137 |   2990 |    147 |    152 |   1774 |   9 |  348.6 |
       Dungeon |   2412 |   2326 |     86 |    129 |   1441 |   6 |  402.0 |
        Temple |     64 |      4 |     60 |      0 |      0 |   1 |   64.0 |
         Sewer |    196 |    196 |      0 |     21 |     95 |   1 |  196.0 |
       Ossuary |    464 |    464 |      0 |      2 |    237 |   1 |  464.0 |
               +--------+--------+--------+--------+--------+-----+--------+

Top non-repeatable levels by time:
     D:5: 652 daAuts
     D:4: 581 daAuts
 Ossuary: 464 daAuts
     D:2: 413 daAuts
     D:1: 367 daAuts
     D:6: 297 daAuts
   Sewer: 196 daAuts
     D:3: 100 daAuts
  Temple: 64 daAuts
